cohdb
Replays
Latest Replays
All Replays
Popular Replays
Top Player Replays
Match Explorer
How It Works
Community
CoH3 Stats
Reddit
Sign in to upload your games and track your stats! →
Sign in with Steam
Match 37846809
Unlisted
Match 37846809
Overview
Messages
Build Orders
End
Kradschützen Motorcycle Team
Panzerpioneer Squad
250 Light Carrier
Selects Italian Infantry
Construct Light Support Kompanie
MG34 Team
Selects Guastatori Squad
Guastatori Squad
Selects L6/40 Light Tank Combat Group
L6/40 Light Tank Combat Group
Fire Support Elements
Pak 38 Mechanized Group
Vehicle Survival Package
2.5-tonne Medical Truck
Construct Panzerarmee Kommand
Selects Defensive Operations
Selects Prepared Positions
Panzer III L Medium Tank
Emergency Repair Kits
Tungsten Core Ammunition
Selects Propaganda War
Selects Propaganda War
Panzer III L Medium Tank
Propaganda War
Selects Towed Cannone da 105/28 Field Howitzer
Dellan Dancing Dirty!
Startac
Dahlian
Turtleboy
0
0
Comments
sign in to comment!
No comments posted yet!